 Dungeon Crawl Stone Soup version 0.24-a0-48-g0ecae65 (webtiles) character file.

Game seed: 1732802223926881892

803 Lanoc the Chopper (level 7, -2/60 HPs)
             Began as a Minotaur Gladiator on Feb 3, 2019.
             Was a Priest of Nemelex Xobeh.
             Slain by a wight
             ... wielding a +4 halberd
              (12 damage)
             ... on level 6 of the Dungeon.
             The game lasted 00:06:48 (3666 turns).

Lanoc the Chopper (Minotaur Gladiator)              Turns: 3666, Time: 00:06:49

Health: -2/60      AC:  6    Str: 21    XL:     7   Next: 59%
Magic:  26/26      EV: 13    Int:  5    God:    Nemelex Xobeh [***...]
Gold:   239        SH:  0    Dex: 11    Spells: 6/6 levels left

rFire    . . .     SeeInvis .   a - +0 war axe
rCold    . . .     Gourm    .   (no shield)
rNeg     . . .     Faith    .   b - +0 leather armour
rPois    .         Spirit   .   u - +2 hat
rElec    .         Reflect  .   (no cloak)
rCorr    .         Harm     .   i - +0 pair of gloves
MR       .....                  (no boots)
Stlth    +.........             (no amulet)
HPRegen  0.20/turn              n - ring of magical power
MPRegen  0.20/turn              y - ring of magical power

@: lightly drained
A: retaliatory headbutt, horns 2
a: Draw Escape, Draw Destruction, Draw Summoning, Triple Draw, Renounce Religion


You were on level 6 of the Dungeon.
You worshipped Nemelex Xobeh.
Nemelex Xobeh was most pleased with you.
You were hungry.

You visited 1 branch of the dungeon, and saw 6 of its levels.

You collected 239 gold pieces.

Inventory:

Hand Weapons
 a - a +0 war axe (weapon)
Missiles
 d - 3 throwing nets (quivered)
 e - 16 bolts
 q - 50 sling bullets
 s - 52 arrows
Armour
 b - a +0 leather armour (worn)
 i - a +0 pair of gloves (worn)
 u - a +2 hat (worn)
Jewellery
 n - a ring of magical power (left hand)
 y - a ring of magical power (right hand)
Wands
 c - a wand of iceblast (7)
 v - a wand of paralysis (4)
Scrolls
 h - 2 scrolls of amnesia
 j - 2 scrolls of fear
 l - a scroll of fog {unknown}
 o - a scroll of enchant weapon {unknown}
 p - 2 scrolls of remove curse
 x - a scroll of teleportation {unknown}
Potions
 g - 2 potions of might {unknown}
 k - a potion of magic
 m - 2 potions of curing
 r - a potion of haste {unknown}
 t - a potion of resistance {unknown}
 z - a potion of degeneration {unknown}
Comestibles
 f - 8 rations


   Skills:
 + Level 4.7(4.1) Fighting
 * Level 7.0(6.4) Axes
 - Level 2.0(1.4) Throwing
 + Level 4.0(3.4) Armour
 + Level 5.1(4.5) Dodging
 + Level 2.8(2.2) Invocations


You had 6 spell levels left.
You didn't know any spells.
Your spell library was empty.

Dungeon Overview and Level Annotations

Branches:
Dungeon (6/15)
 Temple: D:4-7

Altars:
Cheibriados
Nemelex Xobeh


Innate Abilities, Weirdness & Mutations

You reflexively headbutt those who attack you in melee.
You have a pair of horns on your head.


Message History

The wight is moderately damaged.
The wight closely misses you.
You closely miss the wight.
The wight is moderately damaged.
The wight barely misses you.
You hit the wight but do no damage. You headbutt the wight.
The wight is heavily damaged.
The wight hits you with a +4 halberd!
* * * LOW HITPOINT WARNING * * *
You hit the wight but do no damage.
The wight is heavily damaged.
The wight hits you with a +4 halberd!
* * * LOW HITPOINT WARNING * * *
You feel better. The wight closely misses you. You furiously retaliate!
You headbutt the wight. You barely miss the wight.
The wight is severely damaged.
The wight hits you with a +4 halberd!
You die...
Your body glows slightly and disappears.

## ..# #.# ###.## . #
#.... ..#.
...#.##.#.##....
........#...# #
#..z@).#l#.#
######)#.#.#
#.#(#.#### ###
#.†...(>.# ....
#........# .....
#..?#.##.#####
......##...#.#.......
.?....†..............
......###.##.#.......


You could see a wight.

Vanquished Creatures
  A bullfrog (D:6)
  3 scorpions
  3 wights (D:6)
  A howler monkey (D:5)
  An orc priest (D:5)
  4 orc wizards
  3 worker ants (D:5)
  7 adders
  2 shadow imps
  2 oozes
  A worm (D:3)
  3 dart slugs
  3 leopard geckos
  5 orcs
  2 giant cockroaches
  7 goblins
  10 hobgoblins
  14 jackals
  2 quokkas
  6 bats
  6 frilled lizards
  A giant cockroach zombie (D:5)
  6 kobolds
  A leopard gecko zombie (D:5)
  A quokka skeleton (D:5)
  6 rats
101 creatures vanquished.

Vanquished Creatures (others)
  An orc wizard (D:5)
  2 ball lightnings (D:5)
3 creatures vanquished.

Grand Total: 104 creatures vanquished

Notes
Turn   | Place    | Note
-------+----------+-------------------------------------------
     0 | D:1      | Lanoc the Minotaur Gladiator began the quest for the Orb.
     0 | D:1      | Reached XP level 1. HP: 18/18 MP: 0/0
   284 | D:1      | Reached XP level 2. HP: 22/25 MP: 1/1
   288 | D:1      | Reached skill level 4 in Axes
   387 | D:1      | Reached skill level 1 in Armour
   608 | D:1      | Reached XP level 3. HP: 24/30 MP: 2/2
  1037 | D:2      | Found a faded altar of an unknown god.
  1055 | D:2      | Became a worshipper of Nemelex Xobeh the Trickster
  1055 | D:2      | Received a gift from Nemelex Xobeh
  1055 | D:2      | Reached * piety under Nemelex Xobeh
  1055 | D:2      | Received a gift from Nemelex Xobeh
  1172 | D:2      | Noticed a scorpion
  1179 | D:2      | Killed a scorpion
  1179 | D:2      | Reached XP level 4. HP: 21/38 MP: 3/3
  1569 | D:2      | Found a snail-covered altar of Cheibriados.
  1840 | D:3      | Reached skill level 5 in Axes
  1879 | D:3      | Received a gift from Nemelex Xobeh
  1956 | D:3      | Reached skill level 1 in Invocations
  1967 | D:3      | Reached XP level 5. HP: 27/45 MP: 4/4
  2141 | D:3      | Reached ** piety under Nemelex Xobeh
  2306 | D:4      | Noticed a phantom
  2702 | D:4      | Reached XP level 6. HP: 40/52 MP: 6/6
  2799 | D:5      | Entered Level 5 of the Dungeon
  2880 | D:5      | Received a gift from Nemelex Xobeh
  2895 | D:5      | Reached skill level 6 in Axes
  3034 | D:5      | Reached *** piety under Nemelex Xobeh
  3068 | D:5      | Received a gift from Nemelex Xobeh
  3075 | D:5      | Reached XP level 7. HP: 52/59 MP: 7/7
  3652 | D:6      | Reached skill level 5 in Dodging
  3658 | D:6      | Reached skill level 7 in Axes
  3666 | D:6      | Slain by a wight

Vault maps used:
D:1:      dpeg_arrival_windows_large_door, minivault_11
D:2:      cheibriados_altar_1, chequers_ecumenical_altar_island, first_ration
D:6:      vehumet_crystals

Skill      XL: |  1  2  3  4  5  6  7 |
---------------+----------------------+-----
Axes           | 4 5 6 7 |  7.0
Armour         | 1 2 3 4 |  4.0
Fighting       | 3 4 |  4.7
Dodging        | 4 5 |  5.1
Invocations    | 1 2 |  2.8
Throwing       | |  2.0

Action                   |  1- 3 |  4- 6 |  7- 9 || total
-------------------------+-------+-------+-------++-------
Melee: War axe           |    64 |   130 |    44 ||   238
       Headbutt          |     6 |    15 |     7 ||    28
 Abil: Draw Destruction  |       |     1 |       ||     1
  Use: Scroll            |       |     4 |     1 ||     5
       Potion            |       |       |     1 ||     1
 Stab: Sleeping          |     1 |       |       ||     1
       Petrified         |       |     3 |       ||     3
  Eat: Chunk             |       |     7 |     1 ||     8
Armor: Leather armour    |    15 |    33 |    10 ||    58
Dodge: Dodged            |    34 |   113 |    40 ||   187

Table legend:
 A = Non-vault XP
 B = Vault XP
 C = Vault XP percentage of total XP
 D = Non-vault monster count
 E = Vault monster count
 F = Vault count percentage of total count
                 A         B        C        D         E       F
            +---------+---------+-------+---------+---------+-------
      Total |    1148 |       0 |   0.0 |     102 |       0 |   0.0
            +---------+---------+-------+---------+---------+-------
        D:1 |      44 |       0 |   0.0 |      23 |       0 |   0.0
        D:2 |     101 |       0 |   0.0 |      22 |       0 |   0.0
        D:3 |      62 |       0 |   0.0 |      20 |       0 |   0.0
        D:4 |     190 |       0 |   0.0 |      10 |       0 |   0.0
        D:5 |     443 |       0 |   0.0 |      19 |       0 |   0.0
        D:6 |     308 |       0 |   0.0 |       8 |       0 |   0.0
            +---------+---------+-------+---------+---------+-------
